Meltem the Farting Queen, lawful female human Samurai --------- |.......| ----- |.......| ----- ...| |..._...| |... A ---------..-- |.......| --..--------- |.......|...-- -.. | |.......| | --...|....A..| |.......|....---.... |. ----)---- .| ....---..).|.......| |..._...-.....[....[. |.............| ......)).%[%-..@@...| |.......|....---...)[. ---.........--- ......---....|.......| |.......|...-- -...$% -----|----- .... --...|.......| ---------..-- ---)-- .?. -|- --..--------- ...| .%%----- %.. ----... |... ----- ..%.$%...| ..... ....%... ----- -----...-- ..%`. ..%----- ....-- ..[.. --....| ..%----)----...--- ..)...))))....| -------------- Meltem the Farting Queen the Kuge Experience level: 29 Strength: 25 Dexterity: 18 Constitution: 18 Intelligence: 13 Wisdom: 18 Charisma: 13 Health: 319(319) Energy: 155(155) Def: 46 Gold: 2 Moves: 39535 Dungeon seed: Bcu0xzJ-3LhR1dCv Game ID: Meltem the Farting Queen_1466444511 Your Inventory: Coins $ - 2 gold pieces Amulets E - an uncursed amulet of life saving (being worn) Weapons a - the blessed rustproof +6 Excalibur (weapon in hand) b - a blessed rustproof +5 katana (wielded in other hand) Armor d - a blessed rustproof +4 pair of gauntlets of power (being worn) e - a blessed greased very burnt +4 cloak of magic resistance (being worn) n - a blessed rustproof +5 helm of telepathy (being worn) p - a blessed greased thoroughly burnt +5 pair of speed boots (being worn) y - a blessed +4 Hawaiian shirt (being worn) z - a blessed greased +3 silver dragon scale mail (being worn) Comestibles W - 6 uncursed lumps of royal jelly Z - an uncursed lizard corpse Spellbooks f - the uncursed Book of the Dead Potions A - an uncursed potion of full healing L - 2 blessed potions of full healing Rings j - a blessed ring of free action (on left hand) P - an uncursed ring of levitation Q - a blessed ring of conflict (on right hand) Wands c - an uncursed wand of death (0:3) k - an uncursed wand of teleportation (0:3) o - an uncursed wand of probing (0:4) r - an uncursed thoroughly rusty wand of striking (0:2) I - an uncursed wand of cold (1:6) T - an uncursed wand of fire (0:2) Tools h - a blessed +0 unicorn horn i - a blessed towel l - a cursed sack s - a blessed bag of holding t - the uncursed Bell of Opening (0:2) u - an uncursed thoroughly rusty skeleton key x - a blessed +0 pick-axe O - the uncursed Candelabrum of Invocation (7 candles attached) (0:59) Gems Y - a blessed luckstone Contents of the sack: 3 uncursed scrolls of remove curse 2 potions of holy water Contents of the bag of holding: 41 gold pieces an uncursed amulet of reflection 10 uncursed C-rations 9 uncursed K-rations 3 uncursed lumps of royal jelly 8 blessed scrolls of blank paper 2 cursed scrolls of blank paper 3 cursed scrolls of blank paper a blessed scroll of charging a cursed scroll of charging an uncursed scroll of confuse monster an uncursed scroll of destroy armor an uncursed scroll of enchant armor a cursed scroll of enchant armor a blessed scroll of gold detection a blessed scroll of identify 2 uncursed scrolls of identify a blessed scroll of scare monster an uncursed scroll of stinking cloud 2 blessed scrolls of teleportation 4 blessed potions of full healing an uncursed potion of full healing a cursed potion of gain ability 9 potions of holy water 4 potions of unholy water an uncursed potion of water a cursed thoroughly rusty ring of aggravate monster an uncursed ring of cold resistance an uncursed ring of fire resistance an uncursed +2 ring of gain constitution an uncursed +3 ring of gain strength a blessed +1 ring of increase accuracy an uncursed +3 ring of increase damage a cursed ring of invisibility an uncursed ring of poison resistance an uncursed ring of regeneration an uncursed ring of searching an uncursed ring of see invisible an uncursed ring of see invisible an uncursed ring of shock resistance an uncursed thoroughly rusty ring of slow digestion an uncursed ring of stealth an uncursed ring of teleport control an uncursed ring of teleportation an uncursed ring of warning an uncursed wand of cold (0:7) an uncursed wand of cold (0:4) a cursed wand of cold (0:3) a blessed rustproof wand of death (0:8) an uncursed wand of death (0:0) an uncursed thoroughly rusty wand of death (0:0) an uncursed thoroughly rusty wand of death (0:0) an uncursed wand of fire (0:3) an uncursed wand of light (0:11) an uncursed wand of light (0:4) an uncursed wand of lightning (0:4) an uncursed wand of lightning (0:4) an uncursed wand of polymorph (0:3) an uncursed thoroughly rusty wand of secret door detection (0:15) an uncursed thoroughly rusty wand of secret door detection (0:10) an uncursed wand of teleportation (0:6) an uncursed wand of teleportation (0:6) an uncursed can of grease (0:13) a cursed expensive camera (0:84) 3 uncursed diamonds 3 uncursed emeralds 2 uncursed fluorite stones an uncursed jacinth stone Spells and supernatural/magical abilities: Name Level Category Fail Memory O - create monster 2* clerical 100% 0% W - pray for help -- divine ? -- Your skills at the end: Fighting Skills martial arts [Skilled] two weapon combat [Expert] Weapon Skills short sword [Basic] long sword [Expert] bow [Basic] Spellcasting Skills Final Attributes: You were the Hand of Elbereth. You were piously aligned. You were fire resistant. You were cold resistant. You were sleep resistant. You were disintegration-resistant. You were shock resistant. You were poison resistant. You were level-drain resistant. You were magic-protected. You saw invisible. You were telepathic. You had automatic searching. You were invisible to others. You were stealthy. You caused conflict. You were protected. You were very fast. You had reflection. You had free action. Your life would have been saved. You were wielding two weapons at once. You were extremely lucky. You had extra luck. Good luck did not time out for you. You survived. Vanquished creatures: Asmodeus Baalzebub Orcus Juiblex The Wizard of Yendor (7 times) Death (4 times) Pestilence (twice Famine a high priest 4 mastodons Medusa Croesus 8 krakens an Archon 5 iron golems 2 storm giants 3 balrogs 4 purple worms a gray dragon 3 red dragons 3 white dragons an orange dragon 6 black dragons 3 blue dragons 2 green dragons 2 yellow dragons 26 minotaurs 3 jabberwocks Ashikaga Takauji 2 baluchitheria 17 Angels a demilich Vlad the Impaler a stone golem 3 master mind flayers 6 Olog-hai 3 pit fiends 2 sandestins a hell hound 8 titanotheres 4 trappers a baby silver dragon 2 baby orange dragons a baby blue dragon 3 disenchanters 29 vampire lords 6 shades 5 skeletons 37 aligned priests 7 captains 3 liches 8 water trolls 2 clay golems 2 nurses 11 ice devils 10 nalfeshnees 4 lurkers above 3 frost giants 3 ettins a golden naga 7 black puddings 31 vampires 27 ghosts 13 lieutenants a monk a ranger 11 samurai a tourist 3 queen bees a winged gargoyle 4 mind flayers 11 giant mimics 9 zruties 2 fire giants 6 ogre kings 2 ice trolls 5 rock trolls 3 umber hulks 2 flesh golems 4 Elvenkings 4 doppelgangers 8 hezrous 8 bone devils 3 large mimics 2 wumpuses 3 fire vortices 5 long worms 32 stalkers 13 air elementals 6 fire elementals 4 earth elementals 4 water elementals 5 hill giants a giant mummy 5 xorns 19 giant zombies 5 elf-lords 25 sergeants 2 water demons 2 barbed devils 4 vrocks 7 wargs 2 winter wolves 4 hell hound pups 14 small mimics a glass piercer 9 warhorses 5 steam vortices 6 xans 7 ettin mummies 7 ogre lords 9 quantum mechanics 31 trolls a sasquatch 2 wood golems an erinys 6 mariliths 2 sharks an electric eel 7 gelatinous cubes a large dog 4 freezing spheres 5 flaming spheres a shocking sphere a large cat 3 tigers 7 gargoyles 2 tengu 7 ochre jellies 7 leocrottas 2 energy vortices 4 mountain centaurs 2 stone giants 2 elf mummies a human mummy 2 red nagas 2 green slimes 4 pit vipers a python 5 cobras 49 wraiths 6 carnivorous apes 16 ettin zombies 2 leather golems 3 Grey-elves 115 soldiers 4 horned devils 7 succubi 5 incubi 2 chameleons a crocodile 4 giant beetles 7 quivering blobs 6 cockatrices 59 wolves 4 winter wolf cubs a lynx a panther 6 gremlins a spotted jelly 34 leprechauns 4 orc-captains 5 iron piercers a mumak 14 giant spiders 5 scorpions 4 horses 2 ice vortices 6 black lights 10 vampire bats 3 forest centaurs 5 gnome kings 4 orc mummies 4 dwarf mummies 4 ogres 6 brown puddings 9 rust monsters 10 owlbears 8 yetis 2 gold golems a werewolf 13 Green-elves 2 piranhas 17 giant eels 10 lizards 22 ninja a roshi a dingo 2 housecats 2 jaguars a gray unicorn 3 black unicorns 6 dust vortices 5 ravens 4 plains centaurs 2 gnome mummies 3 snakes 5 apes 17 human zombies 2 rope golems 6 Woodland-elves 2 soldier ants 10 fire ants 9 bugbears 2 imps 3 lemures 4 quasits 2 wood nymphs a water nymph 4 mountain nymphs 22 Mordor orcs 25 Uruk-hai 2 orc shamans 6 rock piercers a rock mole 3 ponies 6 fog clouds 5 yellow lights 2 shriekers 6 violet fungi 20 gnome lords 9 gnomish wizards 3 kobold mummies 2 golden naga hatchlings a gray ooze 3 barrow wights 8 elf zombies 14 ghouls 4 straw golems 4 paper golems 4 jellyfish 8 giant ants a little dog 12 floating eyes 2 kittens 7 dwarves 4 homunculi a kobold lord 3 kobold shamans 40 hill orcs 14 rothes 3 rabid rats a centipede 2 giant bats 6 monkeys 16 orc zombies 17 dwarf zombies 2 wererats a werejackal 4 iguanas 97 killer bees 6 acid blobs 7 coyotes a hobbit 3 manes 2 large kobolds 11 hobgoblins 7 giant rats 7 cave spiders 3 brown molds a yellow mold 2 green molds 3 red molds 59 gnomes 10 garter snakes 11 gnome zombies 5 geckos 11 jackals 3 foxes 9 kobolds 10 goblins 13 sewer rats 13 grid bugs 3 bats 8 lichens 17 kobold zombies 18 newts 2010 creatures vanquished. Genocided species: chickatrices cockatrices pyrolisks liches demiliches master liches arch-liches 7 species genocided. Voluntary challenges: You used a wielded weapon 2985 times, starting on turn 10. You read items or engraved 223 times, starting on turn 578. You genocided 7 types of monsters, starting on turn 20509. You never polymorphed an object. You never changed form. You used 8 wishes, starting on turn 20508. You did not wish for any artifacts. You split 6 puddings, starting on turn 7364. You wrote Elbereth's name 125 times, starting on turn 578. You violated your moral code, losing 62 points of alignment, starting on turn 4663. Dungeon overview: The Dungeons of Doom: levels 1 to 28 Level 1 an altar to Amaterasu Omikami stairs to The Elemental Planes Level 2 a fountain Level 3 a fountain Level 4 an armor shop stairs to The Gnomish Mines Level 5 some fountains Level 6 stairs to Sokoban Level 7 Level 8 Level 9 Level 10 an altar to Amaterasu Omikami Level 11 portal to The Quest Level 12 Level 13 a temple to Amaterasu Omikami Level 14 Level 15 Level 16 Level 17 Level 18 portal to Fort Ludios Level 19 some fountains Level 20 an altar to Amaterasu Omikami, some fountains Level 21 Level 22 Level 23 Level 24 Level 25 Level 26 Level 27 Level 28 a fountain Gehennom: levels 29 to 50 Level 29 a temple to Moloch stairs to The Dungeons of Doom Level 30 Level 31 Level 32 Level 33 Level 34 a fountain Level 35 Level 36 Level 37 stairs to Vlad's Tower Level 38 some shops, an altar to Moloch Level 39 Level 40 Level 41 Level 42 Level 43 Level 44 portal to Gehennom Level 45 portal to Gehennom Level 46 Level 47 Level 48 Level 49 Level 50 The Gnomish Mines: levels 5 to 13 Level 5 stairs to The Dungeons of Doom Level 6 Level 7 Level 8 many shops, a temple to Amaterasu Omikami, some fountains Level 9 Level 10 Level 11 Level 12 Level 13 The Quest: levels 1 to 5 Level 1 portal to The Dungeons of Doom Level 2 Level 3 Level 4 Level 5 Sokoban: levels 2 to 5 Level 2 Level 3 Level 4 Level 5 stairs to The Dungeons of Doom Fort Ludios: Level 1 portal to The Dungeons of Doom Vlad's Tower: levels 34 to 36 Level 34 Level 35 Level 36 stairs to Gehennom The Elemental Planes: Astral Plane <- You were here some high altars Plane 4 portal to The Elemental Planes Plane 3 portal to The Elemental Planes Plane 2 portal to The Elemental Planes Plane 1 portal to The Elemental Planes History has recorded: On T:1 you entered the Dungeons of Doom to retrieve the Amulet of Yendor! On T:203 you reached level 2 of The Dungeons of Doom. On T:321 you advanced to experience level 2. On T:410 you reached level 3 of The Dungeons of Doom. On T:491 you reached level 4 of The Dungeons of Doom. On T:562 you advanced to experience level 3. On T:603 you reached level 5 of The Dungeons of Doom. On T:712 you advanced to experience level 4. On T:892 you reached level 6 of The Dungeons of Doom. On T:1148 you reached level 4 of Sokoban. On T:1404 you advanced to experience level 5. On T:1411 you reached level 3 of Sokoban. On T:1975 you reached level 2 of Sokoban. On T:2305 you reached level 1 of Sokoban. On T:2686 you advanced to experience level 6. On T:3386 you reached level 1 of The Gnomish Mines. On T:3698 you reached level 2 of The Gnomish Mines. On T:3882 you advanced to experience level 7. On T:4199 you reached level 3 of The Gnomish Mines. On T:4693 you reached level 4 of The Gnomish Mines. On T:4857 you advanced to experience level 8. On T:5479 you reached level 5 of The Gnomish Mines. On T:5800 you reached level 7 of The Gnomish Mines. On T:5891 you reached level 6 of The Gnomish Mines. On T:7084 you advanced to experience level 9. On T:7678 you reached level 8 of The Gnomish Mines. On T:7998 you reached level 9 of The Gnomish Mines. On T:10178 you advanced to experience level 10. On T:11302 you reached level 7 of The Dungeons of Doom. On T:11467 you reached level 8 of The Dungeons of Doom. On T:12967 you reached level 9 of The Dungeons of Doom. On T:13049 you reached level 10 of The Dungeons of Doom. On T:13522 you reached level 11 of The Dungeons of Doom. On T:13615 you advanced to experience level 11. On T:13650 you advanced to experience level 12. On T:13788 you reached level 12 of The Dungeons of Doom. On T:14141 you reached level 13 of The Dungeons of Doom. On T:14946 you reached level 15 of The Dungeons of Doom. On T:15178 you reached level 16 of The Dungeons of Doom. On T:15283 you reached level 17 of The Dungeons of Doom. On T:15497 you reached level 18 of The Dungeons of Doom. On T:17107 you received Snickersnee from Amaterasu Omikami. On T:17841 you reached level 19 of The Dungeons of Doom. On T:18109 you reached level 20 of The Dungeons of Doom. On T:18223 you reached level 21 of The Dungeons of Doom. On T:18327 you reached level 22 of The Dungeons of Doom. On T:18500 you reached level 23 of The Dungeons of Doom. On T:18637 you reached level 24 of The Dungeons of Doom. On T:18882 you killed Medusa on level 24 of The Dungeons of Doom. On T:18911 you reached level 25 of The Dungeons of Doom. On T:19215 you reached level 26 of The Dungeons of Doom. On T:19503 you reached level 27 of The Dungeons of Doom. On T:19678 you advanced to experience level 13. On T:19871 you reached The Castle. On T:20508 you wished for "3 blessed greased fixed scrolls of charging". On T:20509 you wished for "3 blessed greased fixed scrolls of genocide". On T:20510 you wished for "blessed greased fixed ring of free action". On T:20514 you wished for "blessed greased fixed wand of death". On T:21266 you wished for "blessed greased fixed +3 gauntlets of power". On T:21268 you wished for "3 blessed greased fixed scrolls of genocide". On T:21447 you wished for "blessed greased fixed +3 helm of telepathy". On T:22574 you were crowned as the Hand of Elbereth! On T:23194 you reached level 1 of The Quest. On T:25490 you reached Fort Ludios. On T:25957 you advanced to experience level 14. On T:25989 you killed Croesus in Fort Ludios. On T:27133 you embarked upon an epic quest. On T:27148 you reached level 2 of The Quest. On T:27293 you advanced to experience level 15. On T:27298 you reached level 3 of The Quest. On T:27378 you advanced to experience level 16. On T:27575 you reached level 4 of The Quest. On T:27768 you reached level 5 of The Quest. On T:27819 you advanced to experience level 17. On T:27819 you advanced to experience level 18. On T:27993 you killed Ashikaga Takauji on level 5 of The Quest. On T:28711 you reached The Valley of the Dead. On T:28925 you advanced to experience level 19. On T:28949 you advanced to experience level 20. On T:29525 you reached level 2 of Gehennom. On T:29775 you advanced to experience level 21. On T:29830 you reached level 3 of Gehennom. On T:30015 you reached level 4 of Gehennom. On T:30178 you reached level 5 of Gehennom. On T:30628 you killed Asmodeus on level 5 of Gehennom. On T:30713 you reached level 6 of Gehennom. On T:30760 you killed Juiblex on level 6 of Gehennom. On T:30917 you reached level 7 of Gehennom. On T:31156 you reached level 8 of Gehennom. On T:31308 you killed Baalzebub on level 8 of Gehennom. On T:31379 you reached level 9 of Gehennom. On T:31781 you reached level 3 of Vlad's Tower. On T:31867 you reached level 2 of Vlad's Tower. On T:31957 you reached level 1 of Vlad's Tower. On T:32006 you killed Vlad the Impaler on level 1 of Vlad's Tower. On T:32017 you wished for "blessed greased fixed +3 silver dragon scale mail". On T:32204 you reached level 10 of Gehennom. On T:32296 you advanced to experience level 22. On T:32519 you killed Orcus on level 10 of Gehennom. On T:32578 you reached level 11 of Gehennom. On T:33061 you reached level 12 of Gehennom. On T:33245 you advanced to experience level 23. On T:33326 you reached level 13 of Gehennom. On T:33696 you reached level 14 of Gehennom. On T:34034 you reached level 15 of Gehennom. On T:34162 you advanced to experience level 24. On T:34423 you reached level 16 of Gehennom. On T:34690 you reached level 17 of Gehennom. On T:35191 you advanced to experience level 25. On T:35210 you reached level 18 of Gehennom. On T:35224 you reached level 19 of Gehennom. On T:35550 you reached level 20 of Gehennom. On T:35891 you reached level 21 of Gehennom. On T:36482 you advanced to experience level 26. On T:36738 you killed Wizard of Yendor on level 14 of Gehennom. On T:36841 you advanced to experience level 27. On T:36970 you performed the invocation. On T:36971 you reached level 22 of Gehennom. On T:37069 you advanced to experience level 28. On T:37200 you killed high priestess of Moloch on level 22 of Gehennom. On T:37204 you gained the Amulet of Yendor! On T:37205 you lost the Amulet of Yendor. On T:37206 you gained the Amulet of Yendor! On T:38183 you killed Wizard of Yendor on level 10 of Gehennom. On T:38303 you killed Wizard of Yendor on level 8 of Gehennom. On T:38839 you killed Wizard of Yendor on level 22 of The Dungeons of Doom. On T:38907 you advanced to experience level 29. On T:38984 you killed Wizard of Yendor on level 16 of The Dungeons of Doom. On T:39216 you reached the Plane of Earth. On T:39217 you killed Wizard of Yendor on the Plane of Earth. On T:39230 you reached the Plane of Air. On T:39241 you killed Wizard of Yendor on the Plane of Air. On T:39333 you reached the Plane of Fire. On T:39347 you reached the Plane of Water. On T:39381 you reached the Astral Plane. On T:39440 you killed Pestilence on the Astral Plane. On T:39474 you killed Pestilence on the Astral Plane. On T:39476 you killed Famine on the Astral Plane. On T:39535 you lost the Amulet of Yendor. On T:39535 you offered the Amulet of Yendor to Amaterasu Omikami and ascended to the status of Demigoddess! Score breakdown: Gold: 43 ( 5590 points) Experience: 29 levels (29478 points) Exploration: 50 levels (100.00%) (30000 points) Discoveries: 85 items ( 34.55%) (17634 points) Valuables value: 23850 (14890 points) Artifact value: 24000 (14900 points) Variety of kills: 277 monsters ( 72.70%) (25579 points) Turncount: 39535 turns (-4409 points) Survival: ascended (score multiplied by 200%) Total score: 267324 Latest messages: The priest of Susanowo hits the priestess of Raijin. (2x) The priest of Susanowo casts a spell at the priestess of Raijin! You feel as if the priestess of Raijin needs some help. The priestess of Raijin swings her long sword at the priest of Susanowo. The priestess of Raijin hits the priest of Susanowo. The priest of Susanowo is killed! You kill the renegade priestess of Amaterasu Omikami! There are many objects here. You hit the priestess of Raijin! (2x) You kill the priestess of Raijin! There are several objects here. The high priest intones: "Pilgrim, you enter a sacred place!" The high priest of Amaterasu Omikami gives you two bits for an ale. You offer the Amulet of Yendor to Amaterasu Omikami... An invisible choir sings, and you are bathed in radiance... The voice of Amaterasu Omikami booms: "Congratulations, mortal!" "In return for thy service, I grant thee the gift of Immortality!" You ascend to the status of Demigoddess... Final status: Sayonara Meltem the Farting Queen the Demigoddess, ascended... You went to your reward with 267324 points, Excalibur (worth 4000 zorkmids) The Book of the Dead (worth 10000 zorkmids) The Bell of Opening (worth 5000 zorkmids) The Candelabrum of Invocation (worth 5000 zorkmids) 3 diamonds (worth 12000 zorkmids), 3 emeralds (worth 7500 zorkmids), 2 fluorite stones (worth 800 zorkmids), 1 jacinth stone (worth 3250 zorkmids), 1 amulet of life saving (worth 150 zorkmids), 1 amulet of reflection (worth 150 zorkmids), and 43 pieces of gold, after 39535 moves. You were level 29 with a maximum of 319 hit points when you ascended.